 Dungeon Crawl Stone Soup version 0.30-a0-622-gddc90eaa04 (webtiles) character file.

Game seed: 11455647973988622238

309 yeehawbw the Cutter (level 6, -10/44 HPs)
             Began as a Gargoyle Monk on Jan 9, 2023.
             Was a Plaything of Xom.
             Mangled by an ogre
             ... wielding a +0 giant spiked club
              (22 damage)
             ... on level 4 of the Dungeon on Jan 10, 2023.
             The game lasted 00:46:56 (2222 turns).

yeehawbw the Cutter (Gargoyle Monk)                 Turns: 2222, Time: 00:46:57

Health: -10/44     AC: 17    Str: 14    XL:     6   Next: 41%
Magic:  6/6        EV: 11    Int: 11    God:    Xom [..*...]
Gold:   149        SH:  0    Dex: 14    Spells: 5/5 levels left

rFire   . . .      SeeInvis +    e - +2 dagger (protect)
rCold   . . .      Faith    .    (no shield)
rNeg    + . .      Spirit   .    p - +0 scale mail
rPois   ∞          Reflect  .    (no helmet)
rElec   +          Harm     .    (no cloak)
rCorr   .          Rampage  .    (no gloves)
Will    .....                    (no boots)
Stlth   +                        (no amulet)
HPRegen 0.27/turn                n - ring of see invisible
MPRegen 0.10/turn                (no ring)

@: under a protective aura
A: sickness immunity, AC +4, negative energy resistance 1, electricity
resistance, torment resistance 1, petrification resistance
a: Renounce Religion


You were on level 4 of the Dungeon.
You worshipped Xom.
You were a toy of Xom.
You visited 1 branch of the dungeon, and saw 4 of its levels.

You collected 149 gold pieces.

Inventory:

Hand Weapons
 a - a +0 mace
 d - a +0 dagger
 e - a +2 dagger of protection (weapon)
 f - a +0 whip
 k - a +1 dagger of speed
 z - a +0 shortbow
Missiles
 i - 40 stones (quivered)
Armour
 b - a +0 robe
 j - a +0 robe
 p - a +0 scale mail (worn)
 s - a +0 leather armour
 u - a +0 chain mail
Jewellery
 n - a ring of see invisible (left hand)
Scrolls
 h - 2 scrolls of silence
 o - a scroll of torment
 t - a scroll of noise
 v - a scroll of magic mapping
 y - a scroll of identify
Potions
 c - a potion of ambrosia
 g - a potion of heal wounds
 l - a potion of berserk rage {unknown}
 m - a potion of attraction {unknown}
 q - a potion of mutation {unknown}
 r - a potion of lignification {unknown}
 w - a potion of curing {unknown}
 x - a potion of magic {unknown}


   Skills:
 + Level 7.3 Fighting
 * Level 7.5 Short Blades
 - Level 3.6 Maces & Flails
 + Level 5.6 Dodging
 - Level 3.0 Stealth


You had 5 spell levels left.
You didn't know any spells.
Your spell library contained the following spells:

 Spells                   Type           Power      Damage    Failure   Level
 Apportation              Tloc           0%         N/A       85%         1
 Beastly Appendage        Tmut           0%         N/A       85%         1
 Necrotise                Necr           0%         1d4       85%         1
 Summon Small Mammal      Summ           0%         N/A       85%         1
 Wereblood                Tmut           0%         N/A       94%         2
 Call Canine Familiar     Summ           0%         N/A       99%         3
 Ozocubu's Armour         Ice            0%         N/A       99%         3
 Spider Form              Tmut/Pois      0%         N/A       99%         3
 Summon Guardian Golem    Hex/Summ       0%         N/A       99%         3
 Alistair's Intoxication  Tmut/Pois      0%         N/A       100%        5
 Metabolic Englaciation   Hex/Ice        0%         N/A       100%        5
 Simulacrum               Ice/Necr       0%         N/A       100%        6


Dungeon Overview and Level Annotations

Branches:
Dungeon (4/15)
 Temple: D:4-7

Altars:
Dithmenos
Uskayaw
Xom

Shops:
D:2 [

Annotations:
D:2 1 runed translucent door, Crazy Yiuf


Innate Abilities, Weirdness & Mutations

You are immune to sickness and miasma.
Your stone body is resilient. (AC +4)
You are immune to poison.
You resist negative energy. (rN+)
You are resistant to electric shocks. (rElec)
You are resistant to unholy torment.
You are immune to petrification.


Message History

An orc comes into view. It is wielding a +0 dagger.
The orc shouts!
You hit the ogre.
Your weapon exudes an aura of protection.
The ogre is lightly wounded.
You hit the ogre.
The ogre is lightly wounded.
The ogre hits you with a +0 giant spiked club!!
You hit the ogre.
The ogre is lightly wounded.
You hit the ogre. You punch the ogre.
The ogre is moderately wounded.
The ogre barely misses you.
You hit the ogre.
The ogre is moderately wounded.
You hit the ogre.
The ogre is heavily wounded.
You hit the ogre but do no damage.
The ogre is heavily wounded.
The ogre misses you.
You hit the ogre but do no damage.
The ogre is heavily wounded.
The orc closely misses you.
You hit the ogre.
The ogre is heavily wounded.
The ogre hits you with a +0 giant spiked club!
* * * LOW HITPOINT WARNING * * *
A shower of butterflies erupts from you!
You hit the ogre.
The ogre is severely wounded.
The orc hits you but does no damage.
You hit the ogre.
The ogre is severely wounded.
You hit the ogre but do no damage. You punch the ogre.
The ogre is severely wounded.
The orc hits you but does no damage.
The ogre hits you with a +0 giant spiked club!!
Ouch! That really hurt!
You die...
Xom laughs nastily!

∆ ### ∆ ..#
#.####
#########.#.. ∆
. #.o...b.#.#.#
.. #o#†#.# #.
#@#...########
#.O
#O............
#..
#.b##<########
#..####.b.....#
#?.>O.......#.#
#.###########.#
# ∆


You could see an ogre (ally target) and an orc.

Vanquished Creatures
  A centaur (D:4)
  6 adders
  A worm (D:3)
  3 dart slugs
  4 orcs (D:3)
  3 endoplasms
  2 giant cockroaches
  3 goblins (D:2)
  5 hobgoblins
  2 quokkas
  7 ball pythons
  7 bats
  4 frilled lizards
  5 kobolds
  5 rats
58 creatures vanquished.

Notes
Turn   | Place    | Note
-------+----------+-------------------------------------------
     0 | D:1      | yeehawbw the Gargoyle Monk began the quest for the Orb.
     0 | D:1      | Reached XP level 1. HP: 14/14 MP: 1/1
   324 | D:1      | Reached XP level 2. HP: 19/19 MP: 2/2
   377 | D:1      | Upgraded the game from 0.30-a0-618-gd6c86c23d0 to
                  | 0.30-a0-622-gddc90eaa04
   824 | D:2      | Found a faded altar of an unknown god.
   833 | D:2      | Prayed at the altar of an unknown god.
   833 | D:2      | Became a worshipper of Xom of Bloodstained Whimsey
   850 | D:1      | XOM: silly message
   993 | D:2      | XOM: silly message
   997 | D:2      | Reached XP level 3. HP: 21/23 MP: 3/3
  1036 | D:2      | Found a runed translucent door.
  1037 | D:2      | Noticed Crazy Yiuf
  1044 | D:2      | XOM: silly message
  1061 | D:2      | Found Morghutt's Armour Boutique.
  1102 | D:2      | XOM: 3-stop teleportation journey
  1300 | D:2      | Reached XP level 4. HP: 28/29 MP: 4/4
  1342 | D:2      | Reached skill level 1 in Short Blades
  1547 | D:3      | Found a shadowy altar of Dithmenos.
  1573 | D:3      | XOM: noise
  1654 | D:3      | XOM: silly message
  1883 | D:3      | Found a hide-covered altar of Uskayaw.
  1935 | D:3      | XOM: cloud trail
  2033 | D:3      | XOM: potion effect (experience)
  2033 | D:3      | Reached skill level 5 in Dodging
  2033 | D:3      | Reached XP level 5. HP: 37/38 MP: 5/5
  2042 | D:3      | Reached XP level 6. HP: 44/44 MP: 6/6
  2178 | D:4      | XOM: divination: detect items
  2219 | D:4      | XOM: butterfly on damage
  2222 | D:4      | Mangled by an ogre

Illustrated notes

Levels and vault maps discovered:
D:1:      saegor_arrival_simple_e, layout_loops_ring, glass_columns_c
D:2:      minmay_diamond_boxcup, layout_rooms, nicolae_ecumenical_oubliette,
          serial_shops, shop, grunt_ministairs_3, uniq_crazy_yiuf_cottage
D:3:      layout_loops_ring, grunt_dithmenos_smoke_and_mirrors,
          nicolae_uskayaw_murder_on_the_dancefloor, item_on_display_a
D:4:      layout_basic, minmay_temple_entry_antechambers,
          nicolae_ossuary_entry_monument, serial_shops, nicolae_shop_stone,
          minmay_misc_feat_alley, uniq_pikel, uniq_natasha

Skill      XL: |  1  2  3  4 |
---------------+-------------+-----
Short Blades   | 7 |  7.5
Dodging        | 5 |  5.6
Stealth        | 3 |  3.0
Fighting       | 7 |  7.3
Maces & Flails | |  3.6

Action                   |  1- 3 |  4- 6 || total
-------------------------+-------+-------++-------
Melee: Dagger            |   110 |   126 ||   236
       Mace              |     7 |       ||     7
       Punch             |       |     2 ||     2
Throw: Stone             |       |     6 ||     6
  Use: Scroll            |     6 |     2 ||     8
 Stab: Sleeping          |     3 |       ||     3
Armor: Robe              |    41 |    13 ||    54
       Scale mail        |       |    35 ||    35
Dodge: Dodged            |    75 |    63 ||   138

Table legend: (Time is in decaauts)
 A = Elapsed time spent in this place.
 B = Non-inter-level travel time spent in this place.
 C = Inter-level travel time spent in this place.
 D = Time resting spent in this place.
 E = Time spent auto-exploring this place.
 F = Levels seen in this place.
 G = Mean time per level.
                   A        B        C        D        E       F      G
               +--------+--------+--------+--------+--------+-----+--------+
         Total |   2206 |    847 |   1359 |      9 |     15 |   4 |  551.5 |
       Dungeon |   2206 |    847 |   1359 |      9 |     15 |   4 |  551.5 |
               +--------+--------+--------+--------+--------+-----+--------+

Top non-repeatable levels by time:
     D:1: 865 daAuts
     D:3: 731 daAuts
     D:2: 571 daAuts
     D:4: 37 daAuts
